 Dungeon Crawl Stone Soup version 0.19.1 (webtiles) character file.

5684 Host24 the Quickloader (level 11, -1/74 HPs)
             Began as a Kobold Hunter on Dec 26, 2016.
             Was an Elder of Okawaru.
             Slain by an orc priest (4 damage)
             ... on level 9 of the Dungeon.
             The game lasted 00:23:59 (9535 turns).

Host24 the Quickloader (Kobold Hunter)              Turns: 9535, Time: 00:23:59

Health: -1/74      AC:  9    Str:  9    XL:     11   Next: 4%
Magic:  11/11      EV: 23    Int: 14    God:    Okawaru [****..]
Gold:   293        SH:  0    Dex: 20    Spells: 0 memorised, 10 levels left

rFire  . . .     SeeInvis +     n - +1 hand axe (venom)
rCold  . . .     Gourm    .     i - +0 robe
rNeg   . . .     Faith    .     (shield restricted)
rPois  .         Spirit   .     w - +0 helmet
rElec  .         Reflect  .     (no cloak)
rCorr  .         Harm     .     D - +0 pair of gloves
MR     .....                    (no boots)
Stlth  +++.......               (no amulet)
                                y - +5 ring of protection
                                z - ring of see invisible

@: very slightly contaminated, invisible
A: blurry vision 1, carnivore 3, clever 1, no device heal 1
a: Heroism, Renounce Religion


You were on level 9 of the Dungeon.
You worshipped Okawaru.
Okawaru was greatly pleased with you.
You were completely stuffed.

You visited 2 branches of the dungeon, and saw 10 of its levels.

You collected 293 gold pieces.

Inventory:

Hand Weapons
 a - a +1 hand crossbow
 h - a +1 dagger of holy wrath
 j - a cursed -3 dagger
 m - a cursed -3 mace
 n - a +1 hand axe of venom (weapon)
 s - the +6 shortbow of Fimbulwinter {freeze, rN+}
   (You found it on level 5 of the Dungeon)

   It causes projectiles fired from it to freeze those they strike, causing
   extra injury to most foes and up to half again as much damage against
   particularly susceptible opponents.
   They can also slow down cold-blooded creatures.
   It protects you from negative energy.
 K - a +0 blowgun
Missiles
 d - 85 bolts
 k - 177 arrows
 p - 5 tomahawks
 A - 159 stones (quivered)
 C - 51 sling bullets
 N - 32 poisoned needles
Armour
 i - a +0 robe (worn)
 w - a +0 helmet (worn)
 D - a +0 pair of gloves (worn)
Jewellery
 y - a +5 ring of protection (right hand)
 z - a ring of see invisible (left hand)
Wands
 b - a wand of enslavement (10/24)
 G - a wand of hasting (7/9)
 H - a wand of random effects (31/48)
 I - a wand of paralysis (9/24)
Scrolls
 c - a scroll of immolation {unknown}
 e - a scroll of magic mapping
 g - 4 scrolls of identify
 l - a scroll of blinking {unknown}
 q - a scroll of noise
 t - 2 scrolls of enchant armour {unknown}
 u - a scroll of recharging {unknown}
 x - a scroll of random uselessness {unknown}
 B - 2 scrolls of remove curse {unknown}
 J - a scroll of summoning {unknown}
 L - a scroll of teleportation {unknown}
Potions
 v - 2 potions of brilliance
Comestibles
 f - 4 meat rations
 o - 3 beef jerkies
 F - 7 slices of pizza
 M - a chunk of flesh


   Skills:
 - Level 11.0 Fighting
 + Level 11.1 Crossbows
 - Level 10.0 Dodging
 - Level 5.0 Stealth


You had 10 spell levels left.
You didn't know any spells.

Dungeon Overview and Level Annotations

Branches:
Dungeon (9/15)             Temple (1/1) D:4             Orc (0/2) D:9
   Lair: D:8-11

Altars:
Ashenzari
Cheibriados
Dithmenos
Elyvilon
Gozag
Kikubaaqudgha
Makhleb
Nemelex Xobeh
Okawaru
Qazlal
Ru
Sif Muna
Trog
Uskayaw
Vehumet
Xom
Yredelemnul
Zin
The Shining One


Innate Abilities, Weirdness & Mutations

You are small and have problems with some larger weapons.
You are carnivorous and can eat meat at any time.
Scrolls take you a little longer to read.
Your mind is acute. (Int +2)
Potions and wands are less effective at restoring your health.


Message History

Found a staircase to the Orcish Mines.
The two-headed ogre shouts in stereo!
The two-headed ogre misses you. The two-headed ogre barely misses you.
You feel sick. The wyvern zombie misses you.
The two-headed ogre shouts in stereo!
You hear an angry buzzing noise.
The two-headed ogre completely misses you.
The two-headed ogre closely misses you.
You hear a shout!
An orc comes into view. It is wielding a morningstar.
An orc priest comes into view.
You feel sick.
You are no longer poisoned.
The killer bee closely misses you. The killer bee barely misses you.
The wyvern zombie barely misses you.
Found a scroll of identify.
An ice beast comes into view.
A killer bee comes into view.
The killer bee barely misses you. The orc priest hits you.
You die...

,,,,,,,* *,* ,,****,* *,* ,** *,*
##,* ** *,* #.,* * *,* #<*### *
*,* #.##.########## * *,*
##.#.#5....oo..# *
***,**#####..##Z########.# *
*,,,,,.......@yO###### #.#
****,*,,,........o...$..###5#####
,,**,,,,,.Y..........#.†)..o.....
*,***>,,,..........#.#.####..####
*,,,,,,,,Yy.>....o...#.# #.....,
*,****,,,............#.# #§#####
,,* *,,,........?.#.#.# #.# ***
*,,,....o.....#.#.####.#**** *
*,,,,,,,,,,,,,*,#.#.##..,,,,


You could see a two-headed ogre, 2 ice beasts, 2 killer bees, 2 orc priests, a
crimson imp, an orc (wandering) and a wyvern zombie (wandering).

Vanquished Creatures
  The ghost of Host24 the Ducker, a novice KoHu of Okawaru (D:5)
  A yak (D:6)
  A human (D:7)
  3 hogs
  A steam dragon (D:8)
  Edmund (D:5)
  The ghost of Host24 the Skirmisher, an amateur KoHu (D:3)
  A water moccasin (D:7)
  The ghost of bigphil the Ducker, an amateur SpBe of Trog (D:4)
  2 orc warriors
  4 ogres
  2 ice beasts (D:6)
  5 phantoms
  4 centaurs
  Blork the orc (D:4)
  A wyvern zombie (D:6)
  7 bullfrogs
  6 scorpions
  11 killer bees
  A howler monkey (D:8)
  An electric eel (D:8)
  2 crimson imps
  3 bullfrog zombies
  A centaur skeleton (D:4)
  A gnoll shaman (D:6)
  4 hounds
  An orc priest (D:9)
  A bullfrog skeleton (D:5)
  9 orc wizards
  3 iguanas
  Ijyb (D:3)
  5 worker ants
  A hound zombie (D:6)
  Robin (D:3)
  4 gnolls (D:8)
  8 adders
  3 shadow imps
  An ooze (D:5)
  An adder skeleton (D:4)
  An adder zombie (D:8)
  5 worms
  3 leopard geckos
  28 orcs
  7 bats
  5 giant cockroaches
  15 goblins
  7 hobgoblins
  8 jackals
  10 kobolds
  2 quokkas
  A ball python (D:5)
  3 frilled lizards
  A giant cockroach zombie (D:4)
  A leopard gecko skeleton (D:6)
  A quokka zombie (D:8)
  7 rats
211 creatures vanquished.

Vanquished Creatures (others)
  An adder (D:8)
1 creature vanquished.

Grand Total: 212 creatures vanquished

Notes
Turn   | Place    | Note
-------+----------+-------------------------------------------
     0 | D:1      | Host24 the Kobold Hunter began the quest for the Orb.
     0 | D:1      | Reached XP level 1. HP: 12/12 MP: 1/1
   105 | D:1      | Reached XP level 2. HP: 18/18 MP: 2/2
   665 | D:1      | Reached XP level 3. HP: 12/23 MP: 3/3
  1182 | D:2      | Reached XP level 4. HP: 22/28 MP: 4/4
  1622 | D:3      | Noticed Host24's ghost (amateur KoHu)
  1633 | D:3      | Killed Host24's ghost
  1633 | D:3      | Reached XP level 5. HP: 18/32 MP: 5/5
  1970 | D:3      | Reached XP level 6. HP: 37/37 MP: 6/6
  2043 | D:3      | Found a faded altar of an unknown god.
  2045 | D:3      | Noticed Ijyb
  2059 | D:3      | Killed Ijyb
  2533 | D:3      | Noticed Robin
  2539 | D:3      | Killed Robin
  2751 | D:4      | Noticed a phantom
  2984 | D:4      | Killed a phantom
  2984 | D:4      | Reached skill level 5 in Fighting
  2984 | D:4      | Reached XP level 7. HP: 13/44 MP: 7/7
  3250 | D:4      | Reached skill level 5 in Crossbows
  3381 | D:4      | Noticed bigphil's ghost (amateur SpBe)
  3391 | D:4      | Killed bigphil's ghost
  3516 | D:4      | Found a staircase to the Ecumenical Temple.
  3526 | Temple   | Entered the Ecumenical Temple
  3673 | Temple   | Became a worshipper of Warmaster Okawaru
  3862 | D:4      | Reached XP level 8. HP: 53/53 MP: 8/8
  3936 | D:4      | Found a shadowy altar of Dithmenos.
  3974 | D:4      | Noticed Blork the orc
  3988 | D:4      | Killed Blork the orc
  4173 | D:5      | Entered Level 5 of the Dungeon
  4258 | D:5      | Got a transparent ring mail
  4259 | D:5      | Identified the +1 ring mail of Gluttony {Int+2} (You found it on level 5 of the Dungeon)
  4316 | D:5      | You fall through a shaft for 3 floors!
  4505 | D:8      | Reached skill level 5 in Stealth
  4565 | D:8      | Reached * piety under Okawaru
  4835 | D:8      | Reached XP level 9. HP: 55/60 MP: 9/9
  5092 | D:8      | Reached ** piety under Okawaru
  5786 | D:7      | Reached skill level 10 in Fighting
  5988 | D:7      | Reached *** piety under Okawaru
  6280 | D:6      | Found an opulent altar of Gozag.
  6302 | D:6      | Reached XP level 10. HP: 69/69 MP: 10/10
  6494 | D:6      | Found an ancient bone altar of Kikubaaqudgha.
  7092 | D:6      | Reached skill level 10 in Dodging
  7433 | D:6      | Found a stormy altar of Qazlal.
  7558 | D:5      | Noticed Host24's ghost (novice KoHu)
  7576 | D:5      | Killed Host24's ghost
  7576 | D:5      | Reached **** piety under Okawaru
  7576 | D:5      | Received a gift from Okawaru
  7794 | D:5      | Noticed Edmund
  7808 | D:5      | Killed Edmund
  8069 | D:5      | Got a polished shortbow
  8103 | D:5      | Identified the +6 shortbow of Fimbulwinter {freeze, rN+} (You found it on level 5 of the Dungeon)
  8437 | D:7      | Received a gift from Okawaru
  8577 | D:6      | Received a gift from Okawaru
  8577 | D:6      | Reached skill level 10 in Crossbows
  9183 | D:8      | Found a shimmering altar of Xom.
  9218 | D:8      | Reached XP level 11. HP: 74/74 MP: 11/11
  9509 | D:9      | Gained mutation: Scrolls take you a little longer to read. [potion of mutation]
  9509 | D:9      | Gained mutation: Your mind is acute. (Int +2) [potion of mutation]
  9509 | D:9      | Gained mutation: Potions and wands are less effective at restoring your health. [potion of mutation]
  9518 | D:9      | HP: 3/74 [poisoned by a killer bee]
  9525 | D:9      | HP: 3/74 [poisoned by a killer bee]
  9526 | D:9      | Found a staircase to the Orcish Mines.
  9533 | D:9      | HP: 2/74 [poisoned by a killer bee]
  9535 | D:9      | Slain by an orc priest

Skill      XL: |  1  2  3  4  5  6  7  8  9 10 11 |
---------------+----------------------------------+-----
Fighting       | 3 5 7 9 11 | 11.0
Dodging        | 3 4 6 7 9 10 | 10.0
Crossbows      | 5 10 11 | 11.1
Stealth        | 5 |  5.0

Action                   |  1- 3 |  4- 6 |  7- 9 | 10-12 || total
-------------------------+-------+-------+-------+-------++-------
Melee: Short sword       |   100 |       |     9 |       ||   109
       Hand axe          |    10 |    99 |   272 |   191 ||   572
       Dagger            |       |       |       |    43 ||    43
 Fire: Hand crossbow     |       |    23 |    43 |    29 ||    95
       Shortbow          |       |       |       |    90 ||    90
  Use: Potion            |     2 |       |     2 |     8 ||    12
       Scroll            |       |       |     1 |     4 ||     5
 Stab: Sleeping          |     1 |     7 |     5 |     9 ||    22
       Distracted        |       |     1 |       |       ||     1
  Eat: Chunk             |     9 |     6 |    11 |    11 ||    37
Armor: Leather armour    |    15 |       |       |       ||    15
       Robe              |     3 |    16 |    43 |    44 ||   106
Dodge: Dodged            |   105 |    97 |   407 |   322 ||   931
Block: Buckler           |       |     1 |       |       ||     1
